 Dungeon Crawl Stone Soup version 0.29.1-1-gd02db6906a (webtiles) character file.

Game seed: 17745690242174615070

33 avis the Shooter (level 3, -2/30 HPs)
             Began as a Demigod Hunter on Sept 18, 2022.
             Slain by Terence
             ... wielding a +0 flail
              (8 damage)
             ... on level 2 of the Dungeon.
             The game lasted 00:03:49 (1070 turns).

avis the Shooter (Demigod Hunter)                   Turns: 1070, Time: 00:03:52

Health: -2/30      AC:  3    Str: 12    XL:     3   Next: 0%
Magic:  5/5        EV: 12    Int: 11    God:
Gold:   41         SH:  0    Dex: 21    Spells: 2/2 levels left

rFire   . . .      SeeInvis .   a - +0 shortbow
rCold   . . .      Faith    .   (shield currently unavailable)
rNeg    . . .      Spirit   .   c - +0 leather armour
rPois   .          Reflect  .   (no helmet)
rElec   .          Harm     .   (no cloak)
rCorr   .          Rampage  .   (no gloves)
Will    .....                   (no boots)
Stlth   ++........              (no amulet)
HPRegen 0.10/turn               (no ring)
MPRegen 0.09/turn               (no ring)

@: no status effects
A: high MP 1, forlorn, divine attributes
a: no special abilities


You were on level 2 of the Dungeon.
You visited 1 branch of the dungeon, and saw 2 of its levels.

You collected 41 gold pieces.

Inventory:

Hand Weapons
 a - a +0 shortbow (weapon)
 b - a +0 short sword
Missiles
 d - 6 poisoned darts
Armour
 c - a +0 leather armour (worn)
Scrolls
 e - a scroll of identify {unknown}
 f - a scroll of immolation
Potions
 g - a potion of lignification {unknown}
 h - 2 potions of curing {unknown}


   Skills:
 + Level 2.3 Fighting
 * Level 4.3 Ranged Weapons
 - Level 1.7 Dodging
 - Level 0.8 Stealth


You had 2 spell levels left.
You didn't know any spells.
Your spell library was empty.

Dungeon Overview and Level Annotations

Branches:
Dungeon (2/15)

Annotations:
D:2 Terence


Innate Abilities, Weirdness & Mutations

You have an increased reservoir of magic. (+10% MP)
You shall have no god before yourself.
Your divine heritage dramatically boosts your attributes as you level up.


Message History

You feel agile. x4
Terence the Incautious comes into view.
He is wielding a +0 flail.
Terence shouts!
Fire: a) +0 shortbow
Press: ? - help, Q - select action, (/) - cycle Shift-Dir - straight line, f - Terence
Aim: Terence, wielding a +0 flail and wearing a +0 scale mail (69% to hit)
You shoot an arrow.
The arrow hits Terence but does no damage.
Fire: a) +0 shortbow
Press: ? - help, Q - select action, (/) - cycle Shift-Dir - straight line, f/p - Terence
Aim: Terence, wielding a +0 flail and wearing a +0 scale mail (69% to hit)
You shoot an arrow.
The arrow hits Terence but does no damage.
Terence asks, "Do you want it fast or slow?"
Terence barely misses you.
Fire: a) +0 shortbow
Press: ? - help, Q - select action, (/) - cycle Shift-Dir - straight line, f/p - Terence
Aim: Terence, wielding a +0 flail and wearing a +0 scale mail (69% to hit)
You shoot an arrow. The arrow barely misses Terence.
Terence closely misses you.
Unknown command.
Fire: a) +0 shortbow
Press: ? - help, Q - select action, (/) - cycle Shift-Dir - straight line, f/p - Terence
Aim: Terence, wielding a +0 flail and wearing a +0 scale mail (69% to hit)
You shoot an arrow. The arrow hits Terence!
Terence is heavily wounded.
Terence hits you with a +0 flail!
Fire: a) +0 shortbow
Press: ? - help, Q - select action, (/) - cycle Shift-Dir - straight line, f/p - Terence
Aim: Terence, wielding a +0 flail and wearing a +0 scale mail (heavily wounded, 69% to hit)
You shoot an arrow. The arrow hits Terence.
Terence is severely wounded.
Terence hits you with a +0 flail. Terence hits you with a +0 flail!
* * * LOW HITPOINT WARNING * * *
Fire: a) +0 shortbow
Press: ? - help, Q - select action, (/) - cycle Shift-Dir - straight line, f/p - Terence
Aim: Terence, wielding a +0 flail and wearing a +0 scale mail (severely wounded, 69% to hit)
You shoot an arrow. The arrow completely misses Terence.
Terence hits you with a +0 flail!
You die...

# #. #. ### ..#
####.##.. #..
..#...#.### #.#
#.........# #. #.#
##.........###....
#.#
#...........@.$.#
#.#
##.#......>.@######
#.#
#.†....#............
#.#
#..#.#...#.########.
#. ..# #..#.##.##.#
#.# #.# #..#.##.##.#
#.# #.###..#....##.#
# #.#
.........##.##.## #.
#.#
..####.#.##.....#
#..##.## ..#
#.#.##.##.##
#..#...####


You could see Terence.

Vanquished Creatures
  A dart slug (D:2)
  2 endoplasms (D:2)
  4 goblins
  4 hobgoblins (D:1)
  3 jackals (D:1)
  A quokka (D:1)
  6 ball pythons
  2 bats (D:2)
  2 frilled lizards (D:1)
  2 kobolds (D:1)
  2 rats
29 creatures vanquished.

Notes
Turn   | Place    | Note
-------+----------+-------------------------------------------
     0 | D:1      | avis the Demigod Hunter began the quest for the Orb.
     0 | D:1      | Reached XP level 1. HP: 17/17 MP: 3/3
   230 | D:1      | Reached XP level 2. HP: 24/24 MP: 4/4
   266 | D:1      | Reached skill level 4 in Ranged Weapons
  1060 | D:2      | Reached XP level 3. HP: 30/30 MP: 5/5
  1064 | D:2      | Noticed Terence
  1070 | D:2      | Slain by Terence

Illustrated notes

Levels and vault maps discovered:
D:1:      dpeg_arrival_more_subterranean_lakeside_camping, layout_loops_ring,
          shapermc_ecumenical_altar_totnotflames
D:2:      layout_loops_ring, uniq_terence, uniq_robin

Skill      XL: |  1  2 |
---------------+-------+-----
Fighting       | 2 |  2.3
Ranged Weapons | 4 |  4.3
Dodging        | |  1.7
Stealth        | |  0.8

Action                   || total
-------------------------++-------
 Fire: Shortbow          ||    62
Dodge: Dodged            ||    13
